 Dungeon Crawl Stone Soup version 0.29-a0-234-g0dae59b3db (webtiles) character file.

Game seed: 161106344873093926

453 testman the Bolt Thrower (level 7, 0/57 HPs)
             Began as a Barachi Hunter on Mar 3, 2022.
             Slain by a jackal (2 damage)
             ... on level 5 of the Dungeon.
             The game lasted 00:14:22 (3880 turns).

testman the Bolt Thrower (Barachi Hunter)           Turns: 3880, Time: 00:14:25

Health: 0/57       AC:  9    Str: 14    XL:     7   Next: 5%
Magic:  7/7        EV: 12    Int: 11    God:
Gold:   115        SH:  0    Dex: 14    Spells: 3/6 levels left

rFire   + . .      SeeInvis .   p - +0 hand crossbow (flame)
rCold   + . .      Faith    .   (no shield)
rNeg    . . .      Spirit   .   i - +1 robe {rC+ rF+}
rPois   .          Reflect  .   l - +2 helmet
rElec   .          Harm     .   b - +0 cloak
rCorr   .          Rampage  .   j - +1 pair of gloves
Will    .....                   (no boots)
Stlth   ++........              (no amulet)
HPRegen 0.19/turn               (no ring)
MPRegen 0.10/turn               (no ring)

@: unable to hop, slow
A: amphibious, slowness 1, strong legs 1, +LOS
a: Hop


You were on level 5 of the Dungeon.
You visited 1 branch of the dungeon, and saw 5 of its levels.

You collected 279 gold pieces.
You spent 164 gold pieces at shops.

Inventory:

Hand Weapons
 a - a +1 vorpal hand crossbow
 p - a +0 hand crossbow of flaming (weapon)
Armour
 b - a +0 cloak (worn)
 i - a +1 robe of resistance (worn)
 j - a +1 pair of gloves (worn)
 l - a +2 helmet (worn)
Scrolls
 c - 3 scrolls of teleportation
 d - 2 scrolls of identify
 e - 2 scrolls of magic mapping
 m - a scroll of fog
 n - a scroll of fear
 s - a scroll of silence {unknown}
Potions
 f - 2 potions of lignification {unknown}
 g - 5 potions of curing
 h - 2 potions of heal wounds {unknown}
 k - a potion of mutation {unknown}
 r - a potion of flight {unknown}


   Skills:
 + Level 5.6 Fighting
 + Level 5.9 Crossbows
 - Level 2.1 Dodging
 - Level 0.8 Stealth
 + Level 2.4 Hexes
 + Level 2.4 Translocations


You had 3 spell levels left.
You knew the following spells:

 Your Spells              Type           Power      Damage    Failure   Level
a - Portal Projectile     Hex/Tloc       10%        N/A       36%         3

Your spell library contained the following spells:

 Spells                   Type           Power      Damage    Failure   Level
 Call Canine Familiar     Summ           0%         N/A       71%         3
 Leda's Liquefaction      Hex/Erth       1%         N/A       91%         4
 Blade Hands              Tmut           0%         N/A       100%        5
 Excruciating Wounds      Necr           0%         N/A       100%        5


Dungeon Overview and Level Annotations

Branches:
Dungeon (5/15)
 Temple: D:4-7

Altars:

Shops:
D:1 ?   D:3 *

Annotations:
D:5 Duvessa


Innate Abilities, Weirdness & Mutations

You are amphibious.
You cover ground slowly.
You can hop short distances.
You have an extended range of vision and can be seen from far away.


Message History

You have reached level 7!
Hop to where?
Press: ? - help, Q - select action, (/) - cycle Dir - move target Boing!
You shoot a bolt. The bolt barely misses Duvessa.
A jackal comes into view.
You shoot a bolt. The bolt barely misses Duvessa.
The jackal barks!
Duvessa hits you with a +0 short sword!
You shoot a bolt.
The bolt hits Duvessa but does no damage.
Duvessa hits you but does no damage. Duvessa closely misses you.
You shoot a bolt. The bolt closely misses Duvessa.
Duvessa hits you but does no damage. Duvessa hits you with a +0 short sword!
A black bear comes into view.
You shoot a bolt. The bolt closely misses Duvessa.
Duvessa barely misses you.
A jackal comes into view.
Duvessa hits you with a +0 short sword! x2
* * * LOW HITPOINT WARNING * * *
As you read the scroll labelled LOODAR HEYT, it crumbles to dust.
It is a scroll of identify.
c - 3 scrolls of teleportation The jackal closely misses you.
Duvessa misses you. The jackal misses you. Duvessa barely misses you.
As you read the scroll labelled APROMU BEWA, it crumbles to dust.
It is a scroll of brand weapon.
Your +1 hand crossbow emits a brilliant flash of light!
a - a +1 vorpal hand crossbow Duvessa closely misses you.
The jackal bites you but does no damage.
As you read the scroll labelled JEWEXT LOTZ, it crumbles to dust.
It is a scroll of enchant armour.
Your +0 pair of gloves glows green for a moment.
Duvessa hits you with a +0 short sword!
* * * LOW HITPOINT WARNING * * *
The jackal bites you but does no damage.
Duvessa hits you with a +0 short sword.
* * * LOW HITPOINT WARNING * * *
The jackal bites you.
You die...

.........#..)...#.#..
................#....
..................$.
##...............# ..
###.......#.......##h..
.#..#..##..#.##..........
...#..###............h..
#...........e.........>
#........@h..h.......
#.......##......<....
#.......##...........
#....................
#.<.............>....
#..........###.......
##..........# .......
............# ......
#.............. .#...


You could see Duvessa (berserk), a black bear and 2 jackals.

Vanquished Creatures
  A scorpion (D:4)
  Dowan (D:5)
  A hound (D:3)
  2 iguanas
  Jessica (D:2)
  Crazy Yiuf (D:2)
  Terence (D:3)
  3 gnolls (D:3)
  4 adders
  A white imp (D:5)
  3 worms
  5 dart slugs
  10 orcs
  2 ball pythons
  7 bats
  4 endoplasms
  5 giant cockroaches
  8 goblins
  9 hobgoblins
  7 jackals (D:1)
  4 kobolds
  4 quokkas
  5 rats
89 creatures vanquished.

Vanquished Creatures (others)
  2 fungi (D:2)
2 creatures vanquished.

Grand Total: 91 creatures vanquished

Notes
Turn   | Place    | Note
-------+----------+-------------------------------------------
     0 | D:1      | testman the Barachi Hunter began the quest for the Orb.
     0 | D:1      | Reached XP level 1. HP: 17/17 MP: 1/1
   108 | D:1      | Reached XP level 2. HP: 18/23 MP: 2/2
   391 | D:1      | Reached XP level 3. HP: 27/29 MP: 3/3
   607 | D:1      | Found Wuhyhux's Magic Scroll Emporium.
   612 | D:1      | Bought a scroll of magic mapping for 38 gold pieces
   625 | D:1      | Bought a scroll of noise for 11 gold pieces
  1056 | D:2      | Noticed Jessica
  1138 | D:2      | Reached XP level 4. HP: 37/37 MP: 4/4
  1189 | D:2      | Killed Jessica
  1190 | D:2      | Reached skill level 5 in Crossbows
  1496 | D:2      | Found a runed translucent door.
  1497 | D:2      | Noticed Crazy Yiuf
  1508 | D:2      | Killed Crazy Yiuf
  1509 | D:2      | Reached XP level 5. HP: 29/43 MP: 5/5
  1735 | D:3      | Learned a level 3 spell: Portal Projectile
  1742 | D:3      | Noticed Terence
  1757 | D:3      | Killed Terence
  2033 | D:3      | Reached skill level 5 in Fighting
  2038 | D:3      | Reached skill level 1 in Hexes
  2038 | D:3      | Reached skill level 1 in Translocations
  2068 | D:3      | Found Kipt's General Store.
  2080 | D:3      | Bought a scroll of fog for 20 gold pieces
  2080 | D:3      | Bought a potion of curing for 30 gold pieces
  2080 | D:3      | Bought a scroll of fear for 35 gold pieces
  2080 | D:3      | Bought a potion of curing for 30 gold pieces
  2236 | D:3      | Reached XP level 6. HP: 14/51 MP: 6/6
  3459 | D:5      | Entered Level 5 of the Dungeon
  3860 | D:5      | Noticed Dowan
  3866 | D:5      | Killed Dowan
  3866 | D:5      | Noticed Duvessa
  3871 | D:5      | Reached XP level 7. HP: 57/57 MP: 7/7
  3880 | D:5      | HP: 2/57 [Duvessa/+0 short sword (5)]
  3880 | D:5      | Slain by a jackal

Illustrated notes

Levels and vault maps discovered:
D:1:      eino_arrival_tree_alley, layout_loops_cross, serial_shops, shop,
          minmay_worlds_worst_comb
D:2:      layout_rooms, minmay_tromino_i4, uniq_jessica, uniq_crazy_yiuf_cottage
D:3:      layout_rooms, serial_shops, nicolae_diamond_shop, uniq_terence
D:4:      layout_basic
D:5:      layout_cave_pools, lemuel_crystal_altar, serial_shops, shop,
          minmay_crystal_room, minmay_misc_feat_secret_circle, chequers_jeans,
          uniq_duvessa

Skill      XL: |  1  2  3  4  5  6 |
---------------+-------------------+-----
Fighting       | 3 4 5 |  5.6
Crossbows      | 5 |  5.9
Hexes          | 1 2 |  2.4
Translocations | 1 2 |  2.4
Dodging        | |  2.1
Stealth        | |  0.8

Action                   |  1- 3 |  4- 6 |  7- 9 || total
-------------------------+-------+-------+-------++-------
 Fire: Hand crossbow     |   114 |   218 |     5 ||   337
 Abil: Hop               |     3 |     7 |     1 ||    11
  Use: Scroll            |       |       |     3 ||     3
Armor: Leather armour    |    35 |       |       ||    35
       Robe              |       |    41 |     4 ||    45
Dodge: Dodged            |    52 |    60 |     7 ||   119

Table legend: (Time is in decaauts)
 A = Elapsed time spent in this place.
 B = Non-inter-level travel time spent in this place.
 C = Inter-level travel time spent in this place.
 D = Time resting spent in this place.
 E = Time spent auto-exploring this place.
 F = Levels seen in this place.
 G = Mean time per level.
                   A        B        C        D        E       F      G
               +--------+--------+--------+--------+--------+-----+--------+
         Total |   4363 |   4252 |    111 |    897 |   2624 |   5 |  872.6 |
       Dungeon |   4363 |   4252 |    111 |    897 |   2624 |   5 |  872.6 |
               +--------+--------+--------+--------+--------+-----+--------+

Top non-repeatable levels by time:
     D:4: 1332 daAuts
     D:1: 1147 daAuts
     D:3: 1065 daAuts
     D:2: 763 daAuts
     D:5: 53 daAuts
